 Dungeon Crawl Stone Soup version 0.18-a0-824-g47fe746 (webtiles) character file.

38 JokEr the Insei (level 3, -1/25 HPs)
             Began as an Octopode Transmuter on Dec 17, 2015.
             Slain by an adder (4 damage)
             ... on level 2 of the Dungeon.
             The game lasted 00:03:13 (1423 turns).

JokEr the Insei (Octopode Transmuter)               Turns: 1423, Time: 00:03:13

Health: -1/25      AC:  1    Str:  9    XL:     3   Next: 43%
Magic:  5/6        EV: 12    Int: 16    God:
Gold:   86         SH:  0    Dex: 12    Spells: 1 memorised, 5 levels left

rFire  . . .     SeeInvis .       - Unarmed
rCold  . . .     Gourm    .     (no shield)
rNeg   . . .     Faith    .     (helmet restricted)
rPois  .         Spirit   .     (no amulet)
rElec  .         Dismiss  .     (no ring)
rCorr  .         Reflect  .     (no ring)
SustAt .         Harm     .     (no ring)
MR     .....                    (no ring)
Stlth  ++........               (no ring)
                                (no ring)
                                (no ring)
                                (no ring)

@: lethally poisoned (-1 -> -8), appendage, not resistant to hostile
enchantments, unstealthy
A: almost no armour, amphibious, 8 rings, constrict 8, tentacle spike 3,
camouflage 1, gelatinous body 1
a: End Transformation


You were on level 2 of the Dungeon.
You were not hungry.
One of your tentacles had a temporary spike.
You visited 1 branch of the dungeon, and saw 2 of its levels.

You collected 86 gold pieces.

Inventory:

Missiles
 a - 12 arrows
Potions
 d - a potion of haste {unknown}
 f - a potion of mutation {unknown}
 h - a potion of ambrosia {unknown}
Books
 b - a book of Changes

   Spells                             Type                      Level
   a - Beastly Appendage              Transmutation                1
   b - Sticks to Snakes               Transmutation                2
   c - Spider Form                    Transmutation/Poison         3
   d - Ice Form                       Ice/Transmutation            4
   e - Blade Hands                    Transmutation                5
Comestibles
 c - 2 bread rations
 i - a meat ration


   Skills:
 + Level 2.4 Fighting
 - Level 2.0 Dodging
 + Level 3.2 Unarmed Combat
 - Level 2.0 Spellcasting
 + Level 2.6 Transmutations


You had 5 spell levels left.
You knew the following spells:

 Your Spells              Type           Power        Failure   Level  Hunger
a - Beastly Appendage     Trmt           ##....       10%         1    #......


Dungeon Overview and Level Annotations

Branches:
Dungeon (2/15)

Altars:


Innate Abilities, Weirdness & Mutations

You cannot wear most types of armour.
You are amphibious.
You can wear up to eight rings at the same time.
You can use your tentacles to constrict eight enemies at once.
Your skin changes colour to match your surroundings (Stealth).
Your rubbery body absorbs attacks (AC +1).
One of your tentacles bears a large vicious spike.


Message History

The adder completely misses you. The adder bites you.
You are more poisoned.
The adder poisons you! The bat misses you.
You closely miss the adder. Your grab misses the adder.
You pierce the adder.
Your squeeze misses the adder.
The adder is heavily wounded.
You feel sick. The bat completely misses you. The adder closely misses you.
The adder closely misses you.
You barely miss the adder. Your grab misses the adder.
The adder is heavily wounded.
The bat misses you. The adder bites you. The adder bites you.
* * * LOW HITPOINT WARNING * * *
The adder bites you.
* * * LOW HITPOINT WARNING * * *
You completely miss the adder. Your grab misses the adder.
Your tentacle spike misses the adder.
The adder is heavily wounded.
* * * LOW HITPOINT WARNING * * *
You feel sick. The adder closely misses you. The adder bites you.
You die...

.. #..#.# ..#..#.# .
.#..#.# ..# ...#.#
...##..#.#####.
.......#.....
###.b.....# #..S@..#
.....#S.#.#
.########.#
>........#
##########..#
#........#..##.#
#..............#
###.....##.#######.#
#..................#


You could see 2 adders and a bat.

Vanquished Creatures
  An ooze (D:1)
  A giant gecko (D:1)
  A ball python (D:1)
  7 bats
  2 giant cockroaches (D:1)
  3 hobgoblins (D:1)
  4 jackals (D:1)
  A giant newt (D:2)
  6 goblins
  A kobold (D:1)
  3 rats (D:1)
30 creatures vanquished.

Notes
Turn   | Place    | Note
--------------------------------------------------------------
     0 | D:1      | JokEr the Octopode Transmuter began the quest for the Orb.
     0 | D:1      | Reached XP level 1. HP: 13/13 MP: 3/3
   202 | D:1      | Reached XP level 2. HP: 18/18 MP: 5/5
  1007 | D:1      | Reached XP level 3. HP: 21/24 MP: 4/6
  1423 | D:2      | Slain by an adder

Vault maps used:
D:1:      minmay_arrival_four_loops
D:2:      general_overflow_altar, first_bread, uniq_jessica

Action                   || total
-------------------------++-------
Melee: Unarmed           ||    67
 Cast: Beastly Appendage ||     4
  Use: Scroll            ||     2
 Stab: Sleeping          ||     4
       Distracted        ||     1
  Eat: Chunk             ||     2
